 Dungeon Crawl Stone Soup version 0.24.1 (webtiles) character file.

Game seed: 12483794066857090470, levelgen mode: deterministic

100 Destapler the Skirmisher (level 4, 0/40 HPs)
             Began as a Draconian Wanderer on Mar 27, 2020.
             Slain by an orc
             ... wielding a +0 club
              (4 damage)
             ... on level 3 of the Dungeon.
             The game lasted 00:06:43 (2717 turns).

Destapler the Skirmisher (Draconian Wanderer)       Turns: 2717, Time: 00:06:45

Health: 0/40       AC:  5    Str: 16    XL:     4   Next: 46%
Magic:  5/5        EV: 12    Int: 13    God:
Gold:   106        SH:  0    Dex:  9    Spells: 3/3 levels left

rFire    . . .     SeeInvis .   a - +0 spear
rCold    . . .     Gourm    .   (no shield)
rNeg     . . .     Faith    .   (armour unavailable)
rPois    .         Spirit   .   (helmet restricted)
rElec    .         Reflect  .   (no cloak)
rCorr    .         Harm     .   (no gloves)
MR       +....                  (no boots)
Stlth    ++........             g - amulet of magic regeneration (curse)
HPRegen  0.13/turn              e - ring of protection from magic
MPRegen  0.34/turn              (no ring)

@: about to teleport
A: unfitting armour, cold-blooded, AC +5
a: no special abilities


You were on level 3 of the Dungeon.
You were not hungry.

You visited 1 branch of the dungeon, and saw 3 of its levels.

You collected 106 gold pieces.

Inventory:

Hand Weapons
 a - a +0 spear (weapon)
 b - a +5 hunting sling of velocity
 d - a +0 dagger
Missiles
 l - 133 stones
 p - 14 javelins (quivered)
 t - 22 sling bullets
Jewellery
 e - a ring of protection from magic (left hand)
 g - a cursed amulet of magic regeneration (around neck)
 o - an uncursed ring of ice
Wands
 s - a wand of enslavement (15)
Scrolls
 c - 3 scrolls of teleportation
 k - 5 scrolls of identify {unknown}
 n - a scroll of blinking {unknown}
Potions
 h - a potion of invisibility {unknown}
 i - a potion of might {unknown}
 j - a potion of heal wounds {unknown}
 m - a potion of berserk rage {unknown}
 q - a potion of brilliance {unknown}
 r - a potion of resistance {unknown}
 u - a potion of cancellation {unknown}
Comestibles
 f - a ration


   Skills:
 + Level 3.9 Fighting
 - Level 2.0 Polearms
   Level 1.0 Bows
 * Level 2.2 Dodging
 + Level 3.3 Stealth
 + Level 2.1 Evocations


You had 3 spell levels left.
You didn't know any spells.
Your spell library was empty.

Dungeon Overview and Level Annotations

Branches:
Dungeon (3/15)

Altars:
Cheibriados

Annotations:
D:3 Ijyb, Natasha


Innate Abilities, Weirdness & Mutations

Your plain brown scales are hard. (AC +5)
You cannot fit into any form of body armour.
You are cold-blooded and may be slowed by cold attacks.


Message History

Press: ? - help, Dir - move target cursor, f/p - Ijyb
Aim: Ijyb, wearing a +0 leather armour and carrying a wand of enslavement (10) (lightly wounded)
You reach to attack!
You closely miss Ijyb.
Ijyb is lightly wounded.
The orc closely misses you. The orc hits you but does no damage.
The orc barely misses you. x2
Attack whom?
Press: ? - help, Dir - move target cursor, f/p - Ijyb
Aim: Ijyb, wearing a +0 leather armour and carrying a wand of enslavement (10) (lightly wounded)
The orc is in the way.
You barely miss the orc. You tail-slap the orc.
You kill the orc!
The orc misses you. x2; The orc barely misses you.
You hit Ijyb but do no damage.
Your tail-slap misses Ijyb.
Ijyb is lightly wounded.
The orc hits you but does no damage. Ijyb hits you.
* * * LOW HITPOINT WARNING * * *
The orc hits you with a +0 short sword.
* * * LOW HITPOINT WARNING * * *
The orc hits you with a +0 club.
You die...

######## #......#
#......#############
#####....$.'............
...........#############
#####.o@....... #....
#.ogo...### #.###
###l#'#.# .#.#
#hs#.#.#### .#.#
#5##.#.#... .#.# ..
...... .#.# .. #
#...##.#.### ...
#......#....
..>#.....##..##


You could see Ijyb, Natasha, a crimson imp, 3 orcs, a leopard gecko and a giant
cockroach.

Vanquished Creatures
  2 adders (D:2)
  A worm (D:2)
  4 dart slugs
  3 leopard geckos (D:2)
  4 orcs
  4 bats
  2 giant cockroaches
  10 goblins
  11 hobgoblins
  9 jackals
  3 frilled lizards
  A kobold (D:2)
  3 rats
57 creatures vanquished.

Notes
Turn   | Place    | Note
-------+----------+-------------------------------------------
     0 | D:1      | Destapler the Draconian Wanderer began the quest for the
                  | Orb.
     0 | D:1      | Destapler set off with the following items: a +0 spear, a
                  | wand of enslavement (15), a scroll of teleportation, a +0
                  | dagger, a ration
     0 | D:1      | Reached XP level 1. HP: 19/19 MP: 1/1
   161 | D:1      | Reached XP level 2. HP: 17/26 MP: 2/2
   253 | D:1      | Reached skill level 1 in Dodging
   599 | D:1      | Reached XP level 3. HP: 30/31 MP: 4/4
  1678 | D:2      | Reached XP level 4. HP: 40/40 MP: 5/5
  2479 | D:2      | Found a snail-covered altar of Cheibriados.
  2698 | D:3      | Noticed Ijyb
  2704 | D:3      | Noticed Natasha
  2717 | D:3      | Slain by an orc

Levels and vault maps discovered:
D:1:      lightli_molten_gateway, layout_loops_corners
D:2:      minmay_wonky_spiral, layout_basic, lemuel_round_altar,
          guppyfry_early_orc_mine
D:3:      layout_basic, uniq_ijyb, uniq_grinder, uniq_natasha

Skill      XL: |  1  2  3  4 |
---------------+-------------+-----
Dodging        | 1 2 |  2.2
Stealth        | 3 |  3.3
Evocations     | 2 |  2.1
Fighting       | |  3.9
Polearms       | |  2.0
Bows           | |  1.0

Action                   |  1- 3 |  4- 6 || total
-------------------------+-------+-------++-------
Melee: Spear             |   160 |   102 ||   262
       Tailslap          |    15 |     9 ||    24
 Fire: Hunting sling     |       |     1 ||     1
  Use: Scroll            |       |     1 ||     1
 Stab: Sleeping          |     7 |     1 ||     8
  Eat: Chunk             |     3 |     3 ||     6
Armor: Skin              |    43 |    13 ||    56
Dodge: Dodged            |    74 |    48 ||   122
